Unix NetHack Version 5.0.0-0 post-release - last build Jun 10 2026 00:39:30 (3ee93aec679c4c4259841fe613dc97188e26a321,branch:main).

Game began 2026-06-12 13:33:14, ended 2026-06-12 18:21:14.

Ch3Begorrah, chaotic male human Rogue

     #
     i@#
       #
     --.--
     |.<.-
     |...|
     -----

Ch3Begorrah the Rogue   St:16 Dx:17 Co:15 In:12 Wi:8 Ch:12  Chaotic
Dlvl:12 $:3941 HP:0(54) Pw:30(30) AC:2  Xp:8 T:6849  Fainted  Deaf

Latest messages:
 In what direction? k
 You throw 2 daggers.
 The 1st dagger hits the dingo!
 The 2nd dagger hits the dingo!
 The dingo bites!
 In what direction? k
 The dagger hits the dingo!
 The dingo bites!
 The dingo misses!
 In what direction? k
 The dagger hits the dingo!
 The dingo bites!
 The dingo bites!
 In what direction? k
 You kill the dingo!
 Z - 5 +3 daggers (at the ready) (11 in total).
 You faint from lack of food.
 You regain consciousness.
 You faint from lack of food.
 You regain consciousness.
 You faint from lack of food.
 You regain consciousness.
 You can hear again.
 You faint from lack of food.
 You regain consciousness.
 You can hear again.
 You faint from lack of food.
 You regain consciousness.
 You can hear again.
 You faint from lack of food.
 You regain consciousness.
 There is a doorway here.
 You see here a yeti corpse.
 You descend the stairs.
 What do you want to drink? [r or ?*] ?
 You feel strong!
 You hear a door open.
 You faint from lack of food.
 The tengu appears next to you!
 The tengu bites!
 The tengu bites!
 The tengu bites!
 The tengu bites!
 The tengu bites!
 The tengu bites!
 The tengu bites!
 The tengu bites!
 The tengu bites!
 You die...
 Do you want your possessions identified? [ynq] (y) q

Inventory:
 Coins    ('$')
  $ - 3941 gold pieces
 Amulets  ('"')
  Y - an uncursed amulet of magical breathing (being worn)
 Weapons  (')')
  b - a +3 dagger
  Z - 11 +3 daggers (at the ready)
  F - 2 +0 elven daggers
  l - a +0 long sword (weapon in right hand)
 Armor    ('[')
  h - an uncursed +0 dwarvish iron helm (being worn)
  i - an uncursed +0 pair of iron shoes (being worn)
  y - an uncursed +0 cloak of magic resistance (being worn)
  a - an uncursed +0 robe
  c - an uncursed +1 leather armor (being worn)
 Comestibles  ('%')
  N - an uncursed eucalyptus leaf
  f - an uncursed lizard corpse
 Scrolls  ('?')
  q - an uncursed scroll of confuse monster named ok
 Rings    ('=')
  x - an uncursed +4 ring of adornment
  V - an uncursed +1 ring of increase damage named ok
  U - an uncursed ring of invisibility
  t - an uncursed ring of searching
  O - an uncursed ring of see invisible
  o - a cursed ring of slow digestion named cursed
  S - an uncursed ring of teleport control
  D - an uncursed ring of teleportation
  X - an uncursed ring of warning named ok
 Wands    ('/')
  E - a blessed wand of cold (0:5)
  L - a cursed wand of fire (0:7)
  n - a cursed wand of light (0:10)
  k - a wand of lightning (0:5)
  M - a wand of magic missile (0:0)
  J - a wand of nothing (0:5)
  s - a wand of secret door detection (0:12)
  K - a blessed wand of slow monster (0:3)
  u - a wand of speed monster (0:3)
  Q - a cursed wand of speed monster (0:5)
  C - a cursed wand of teleportation (0:1)
 Tools    ('(')
  g - an uncursed blindfold
  m - an uncursed blindfold named ok
  e - an uncursed lock pick
  G - a magic marker named ok (0:19)
  W - an uncursed magic whistle
  d - a +0 pick-axe (alternate weapon; not wielded)
  B - a cursed towel
 Gems/Stones  ('*')
  p - an uncursed citrine stone
  T - a cursed jet stone
  H - an uncursed touchstone

Ch3Begorrah the Rogue's attributes:

Background:
 You were a Rogue, level 8 male human.
 You were chaotic, nominally on a mission for Kos
 who was opposed by Issek (lawful) and Mog (neutral).
 You were right-handed.
 You were in the Dungeons of Doom, on level 12.
 You entered the dungeon 6849 turns ago.
 You had 2485 experience points, 75 more were needed to attain level 9.

Basics:
 You had 0 out of 54 hit points.
 You had all 30 energy points (spell power).
 Your armor class was 2.
 Your wallet contained 3941 zorkmids.
 Autopickup was on for '$!/(' plus thrown, with exceptions.

Final Characteristics:
 Your strength was 16 (base:17, limit:18/100).
 Your dexterity was 17 (limit:18).
 Your constitution was 15 (limit:18).
 Your intelligence was 12 (limit:18).
 Your wisdom was 8 (limit:18).
 Your charisma was 12 (limit:18).

Final Status:
 You were deaf.
 You were fainted due to starvation.
 You were unencumbered.
 You were wielding a long sword.
 You were unskilled in long sword.

Final Attributes:
 You were piously aligned.
 You were magic-protected.
 You were poison resistant.
 You were stealthy.
 You could survive without air.
 You were warded.
 You are dead.

Miscellaneous:
 You encountered 1 bones level.
 Total elapsed playing time was 1 hour, 41 minutes and 15 seconds.

Major events:
 Turn
    1: Ch3Begorrah the chaotic male human Rogue entered the dungeon
  763: attained the rank of Cutpurse (level 3)
 1393: entered the Gnomish Mines
 1962: attained the rank of Rogue (level 6)
 4103: entered Sokoban
 6666: entered Home 1, the Quest
 6849: killed by a tengu, while fainted from lack of food

You didn't know any spells.

Skills:
 Fighting Skills
   bare handed combat [Unskilled]
   two weapon combat  [Unskilled]
   riding             [Unskilled]
 Weapon Skills
   dagger             [Skilled]
   knife              [Unskilled]
   short sword        [Basic]
   broadsword         [Unskilled]
   long sword         [Unskilled]
   two-handed sword   [Unskilled]
   saber              [Unskilled]
   club               [Unskilled]
   mace               [Unskilled]
   morning star       [Unskilled]
   flail              [Unskilled]
   hammer             [Unskilled]
   polearms           [Unskilled]
   spear              [Unskilled]
   crossbow           [Unskilled]
   dart               [Unskilled]
   shuriken           [Unskilled]
 Spellcasting Skills
   divination spells  [Unskilled]
   escape spells      [Unskilled]
   matter spells      [Unskilled]

Voluntary challenges:
 Character rerolling was not enabled.
 You followed a strict vegan diet.
 You were an atheist.
 You never genocided any monsters.
 You never polymorphed an object.
 You never changed form.
 You used no wishes.
 You did not violate any of the special Sokoban rules.
Achievements:
 You entered a shop.
 You attained the rank of Cutpurse.
 You entered the Gnomish Mines.
 You attained the rank of Rogue.
 You entered Sokoban.

 The Dungeons of Doom: levels 1 to 12
    Level 1:
       A fountain.
    Level 2:
       A scroll shop, a grave.
    Level 3:
       A general store.
       Stairs down to The Gnomish Mines.
    Level 4:
       A fountain, a grave.
    Level 5:
       Many fountains.
       Oracle of Delphi.
    Level 6: "1sb chest"
       An altar to Kos.
       Stairs up to Sokoban, level 5.
    Level 7:
       Final resting place for
          Lanfaedhe-Wiz-Elf-Mal-Cha, killed by an owlbear.
    Level 8:
    Level 9:
       A fountain.
    Level 10:
       A fountain.
    Level 11:
       A fountain.
       Summoned by the Master of Thieves.
       Portal to The Quest.
    Level 12: <- You were here.
       Final resting place for
          you, killed by a tengu, while fainted from lack of food.
 The Gnomish Mines: levels 4 to 5
    Level 4:
    Level 5:
 The Quest:
    Level 1:
       Home.
 Sokoban:
    Level 5:
       Unsolved.


Vanquished creatures:
  a ghost
  a large dog
  a leocrotta
 an iron piercer
  a giant spider
 an ice vortex
  2 gnome rulers
 an owlbear
  2 yetis
  a gold golem
  a lizard
  4 chickatrices
  2 dingoes
  a dog
  a jaguar
  a dwarf leader
  a raven
  2 plains centaurs
  2 gnome mummies
  a snake
  3 human zombies
  a bugbear
 an orc shaman
  a rock piercer
  4 rock moles
  2 fog clouds
  2 shriekers
  3 gnome leaders
  a gray ooze
  3 elf zombies
  a paper golem
  3 floating eyes
  a kitten
  4 dwarves
  a kobold shaman
  8 hill orcs
  4 rothes
  a centipede
  a giant bat
  a monkey
  6 orc zombies
  5 dwarf zombies
  a wererat
  3 iguanas
  2 killer bees
  5 acid blobs
  3 gas spores
  5 hobbits
  3 hobgoblins
  2 giant rats
  7 cave spiders
  2 yellow molds
  2 green molds
  a red mold
 11 gnomes
  5 gnome zombies
  4 geckos
  5 jackals
  a fox
  2 kobolds
  4 goblins
  5 sewer rats
  a grid bug
  5 lichens
  5 kobold zombies
  5 newts
174 creatures vanquished.

No species were genocided or became extinct.

Game over:
                       ----------
                      /          \
                     /    REST    \
                    /      IN      \
                   /     PEACE      \
                  /                  \
                  |   Ch3Begorrah    |
                  |     3941 Au      |
                  |   killed by a    |
                  |      tengu       |
                  |                  |
                  |                  |
                  |       2026       |
                 *|     *  *  *      | *
        _________)/\\_//(\/(/\)/\//\/|_)_______

Goodbye Ch3Begorrah the Rogue...

You died in The Dungeons of Doom on dungeon level 12 with 14147 points,
and 3941 pieces of gold, after 6849 moves.
You were level 8 with a maximum of 54 hit points when you died.

